 Dungeon Crawl Stone Soup version 0.28.0 (webtiles) character file.

Game seed: 7014915609142771680

54 Jerry the Shield-Bearer (level 3, -1/30 HPs)
             Began as a Demigod Fighter on Feb 9, 2022.
             Succumbed to an adder's poison
             ... on level 2 of the Dungeon.
             The game lasted 00:02:47 (1293 turns).

Jerry the Shield-Bearer (Demigod Fighter)           Turns: 1293, Time: 00:02:48

Health: -1/30      AC:  6    Str: 27    XL:     3   Next: 44%
Magic:  5/5        EV:  9    Int: 10    God:
Gold:   24         SH:  4    Dex: 13    Spells: 2/2 levels left

rFire   . . .      SeeInvis .   a - +0 flail
rCold   . . .      Faith    .   c - +0 buckler
rNeg    . . .      Spirit   .   b - +0 scale mail
rPois   .          Reflect  .   (no helmet)
rElec   .          Harm     .   (no cloak)
rCorr   .          Rampage  .   (no gloves)
Will    .....                   (no boots)
Stlth   ..........              (no amulet)
HPRegen 0.10/turn               g - +6 ring of strength
MPRegen 0.09/turn               (no ring)

@: brilliant, lethally poisoned (-1 -> -7), attractive, hasted, very quick
A: high MP 1, forlorn, divine attributes
a: no special abilities


You were on level 2 of the Dungeon.
You visited 1 branch of the dungeon, and saw 2 of its levels.

You collected 24 gold pieces.

Inventory:

Hand Weapons
 a - a +0 flail (weapon)
Armour
 b - a +0 scale mail (worn)
 c - a +0 buckler (worn)
Jewellery
 g - a +6 ring of strength (left hand)
Scrolls
 f - 2 scrolls of teleportation {unknown}
 h - a scroll of amnesia {unknown}
 i - 2 scrolls of enchant armour {unknown}
 k - a scroll of identify {unknown}
Potions
 d - a potion of might
 j - 2 potions of brilliance
 l - a potion of attraction


   Skills:
 - Level 2.6 Fighting
 + Level 2.5 Maces & Flails
 + Level 3.2 Armour
 + Level 3.3 Shields


You had 2 spell levels left.
You didn't know any spells.
Your spell library was empty.

Dungeon Overview and Level Annotations

Branches:
Dungeon (2/15)


Innate Abilities, Weirdness & Mutations

You have an increased reservoir of magic. (+10% MP)
You shall have no god before yourself.
Your divine heritage dramatically boosts your attributes as you level up.


Message History

You closely miss the adder. The adder bites you but does no damage.
You closely miss the adder. The adder bites you. x2
You are poisoned.
The adder poisons you!
You miss the adder.
You feel sick. You block the adder's attack. The adder barely misses you.
You miss the adder.
You feel sick. The adder bites you. The adder bites you but does no damage.
You are too injured to fight recklessly!
You are too injured to fight recklessly!
You are too injured to fight recklessly!
You miss the adder.
You feel sick. You block the adder's attack.
You hit the adder.
The adder is lightly wounded.
You feel sick. The adder bites you.
* * * LOW HITPOINT WARNING * * *
The adder barely misses you.
You closely miss the adder.
The adder is lightly wounded.
You feel sick.
You are no longer poisoned.
You block the adder's attack.
You closely miss the adder.
The adder is lightly wounded.
The adder barely misses you. The adder bites you but does no damage.
You closely miss the adder.
The adder is lightly wounded.
The adder barely misses you. The adder bites you.
* * * LOW HITPOINT WARNING * * *
It was a potion of brilliance.
You feel clever all of a sudden. You block the adder's attack.
It was a potion of attraction.
You feel attractive to monsters. The adder bites you.
* * * LOW HITPOINT WARNING * * *
You are lethally poisoned!
The adder poisons you!
It was a potion of haste.
You feel yourself speed up.
You die...

#........+..#.##....
#.#......####.##....
#.#......####.##.#.[
#...........#....#..
########.......######..
#..............# ###
#..............#
#..............#
#.....@...######
#.....S...# #.........#
#.........# #....[....#
#.........# ###########


You could see an adder.

Vanquished Creatures
  3 dart slugs
  5 ball pythons (D:1)
  6 bats
  2 endoplasms
  3 giant cockroaches (D:1)
  6 hobgoblins
  4 jackals (D:2)
  6 kobolds
  2 frilled lizards (D:1)
  2 goblins (D:1)
  4 rats (D:1)
43 creatures vanquished.

Notes
Turn   | Place    | Note
-------+----------+-------------------------------------------
     0 | D:1      | Jerry the Demigod Fighter began the quest for the Orb.
     0 | D:1      | Reached XP level 1. HP: 18/18 MP: 3/3
   119 | D:1      | Reached XP level 2. HP: 10/25 MP: 4/4
   729 | D:1      | You fall into a shaft and drop 1 floor!
   774 | D:2      | Reached XP level 3. HP: 28/30 MP: 5/5
  1292 | D:2      | HP: 1/30 [adder (4)]
  1293 | D:2      | Succumbed to an adder's poison

Illustrated notes

Levels and vault maps discovered:
D:1:      matt_arrival_grand_opening, layout_rooms, minmay_quantized
D:2:      minmay_alternating_diamond, layout_basic

Skill      XL: |  1  2 |
---------------+-------+-----
Maces & Flails | 2 |  2.5
Armour         | 3 |  3.2
Shields        | 3 |  3.3
Fighting       | |  2.6

Action                   || total
-------------------------++-------
Melee: Flail             ||   106
  Use: Potion            ||     3
Armor: Scale mail        ||    53
Dodge: Dodged            ||    56
Block: Buckler           ||    21
